 Dungeon Sprint DCSS version 0.30-a0-1116-gebefce21f7 (webtiles) character file.

Game seed: 14070166813642923577

58 fozzywoppz the Demonic Disaster (level 3, -3/34 HPs)
             Began as a Demonspawn Monk on Apr 21, 2023.
             Was a Believer of Qazlal.
             Slain by an Executioner (7 damage)
             ... summoned by a dread lich
             ... in the Dungeon (Sprint V: "Ziggurat Sprint").
             The game lasted 00:03:47 (135 turns).

fozzywoppz the Demonic Disaster (Demonspawn Monk)    Turns: 135, Time: 00:03:49

Health: -3/34      AC: 19    Str: 23    XL:     3   Next: 76%
Magic:  1/7        EV:  4    Int: 11    God:    Qazlal [**....]
Gold:   0          SH: 14    Dex: 17    Spells: 2/2 levels left

rFire   + + .      SeeInvis .      - Unarmed
rCold   + + .      Faith    .    D - +3 buckler
rNeg    . . .      Spirit   .    C - +5 gold dragon scales
rPois   +          Reflect  .    (no helmet)
rElec   +          Rampage  .    (no cloak)
rCorr   +          NoTele   +    (no gloves)
Will    .....                    (no boots) Stlth
                                 (no amulet)
HPRegen 0.25/turn                A - +6 ring of strength
MPRegen 0.10/turn                B - +6 ring of strength

@: mighty, resistant, hasted, very quick
A: claws 1, large bone plates 1
a: Renounce Religion, Upheaval


You were in the Dungeon.
You worshipped Qazlal.
Qazlal was pleased with you.
You visited 1 branch

Inventory:

Hand Weapons
 F - the +6 shillelagh "Devastator" {shatter}
   (You found it in the Dungeon)
Armour
 C - +5 gold dragon scales (worn)
 D - a +3 buckler (worn)
 E - a +3 tower shield
Jewellery
 x - a +6 ring of dexterity
 A - a +6 ring of strength (left claw)
 B - a +6 ring of strength (right claw)
Wands
 s - a wand of mindburst (6)
 t - a wand of iceblast (16)
 u - a wand of light (7)
Scrolls
 i - 3 scrolls of blinking
 o - 4 scrolls of amnesia
 p - 7 scrolls of fog
 q - 5 scrolls of identify
 r - a scroll of fear
Potions
 b - a potion of ambrosia
 d - 10 potions of curing
 e - 8 potions of heal wounds
 f - 5 potions of haste
 g - 6 potions of magic
 h - 3 potions of berserk rage
 j - 2 potions of brilliance
 k - 2 potions of invisibility
 l - 3 potions of resistance
 n - 4 potions of might


   Skills:
 + Level 6.1 Fighting
 + Level 3.7 Armour
 + Level 3.5 Dodging
 + Level 0.2 Shields
 + Level 5.5 Unarmed Combat
 * Level 6.2 Invocations


You had 2 spell levels left.
You didn't know any spells.
Your spell library contained the following spells:

 Spells                   Type           Power      Damage    Failure   Level
 Ensorcelled Hibernation  Hex/Ice        0%         N/A       100%        2
 Spider Form              Tmut/Pois      0%         N/A       100%        3
 Anguish                  Hex/Necr       0%         N/A       100%        4


Dungeon Overview and Level Annotations

Branches:
Dungeon (1/1)

Altars:
Ashenzari
Cheibriados
Dithmenos
Fedhas
Gozag
Hepliaklqana
Kikubaaqudgha
Makhleb
Nemelex Xobeh
Okawaru
Qazlal
Ru
Sif Muna
Trog
Uskayaw
Vehumet
Wu Jian
Xom
Yredelemnul
Jiyva
Lugonu

Annotations:
D 1 transporter


Innate Abilities, Weirdness & Mutations

You have sharp fingernails.
You are partially covered in large bone plates. (SH +4)


Message History

The iron imp sputters.
Okay, then.
Magic courses through your body.
The Executioner gestures.
The Executioner seems to speed up.
Aiming: Upheaval
Press: ? - help, Dir - move target, f - iron imp
Aim: an iron imp A storm cloud blasts the area with cutting wind!
The cutting wind hits the iron imp!!
You kill the iron imp!
Qazlal accepts your kill.
You can now give life to nearby clouds.
The cutting wind hits something!!
You can no longer give life to nearby clouds.
The Executioner is engulfed in a thunderstorm.
Your life force feels restored.
Your Fighting skill increases to level 6!
Your Invocations skill increases to level 6!
Okay, then.
Aiming: Upheaval
Press: ? - help, Dir - move target, f - Brimstone Fiend
Aim: a Brimstone Fiend (summoned)
A storm cloud blasts the area with cutting wind!
The cutting wind hits the Brimstone Fiend!!
The Brimstone Fiend is moderately wounded.
The cutting wind hits something but does no damage.
The Executioner hits you but does no damage. x3
You hear some strange, mumbled words.
The Executioner hits you!
* * * LOW HITPOINT WARNING * * *
You block the Executioner's attack.
The Executioner hits you but does no damage.
Okay, then.
As you read the scroll of fear, it crumbles to dust.
You assume a fearsome visage.
The green death resists with almost no effort.
The Brimstone Fiend is unaffected.
The Executioner resists with almost no effort.
The Executioner hits you!
You die...

▓▓▓▓▓▓▓▓▓▓▓▓▓
▓.8©8.▓.8©8.▓
▓.)}@.▓.....▓
▓..{1.▓.)...▓
▓.....▓.....▓
▓..12.▓.....▓
▓.....▓..©..▓
▓..©..▓▓▓▓▓▓▓
▓▓▓▓▓▓▓


You could see a Brimstone Fiend (summoned), a green death (summoned) and an
Executioner (summoned, fast).

Vanquished Creatures
  An iron imp (D)
  A shadow imp (D)
  2 ball pythons (D)
4 creatures vanquished.

Notes
Turn   | Place    | Note
-------+----------+-------------------------------------------
     0 | D        | fozzywoppz the Demonspawn Monk began the quest for the Orb.
     0 | D        | Reached XP level 1. HP: 18/18 MP: 1/1
     0 | D        | Found a shimmering blue altar of Sif Muna.
     0 | D        | Found a sacrificial altar of Ru.
     0 | D        | Found a bloodstained altar of Trog.
     0 | D        | Found a stormy altar of Qazlal.
     0 | D        | Found an iron altar of Okawaru.
     0 | D        | Found a sparkling altar of Nemelex Xobeh.
     0 | D        | Found a blossoming altar of Fedhas.
     0 | D        | Found the +6 Majin-Bo {spellvamp, MP+6 Int+6}
     0 | D        | Found the +27 heavy crossbow "Sniper" {heavy, Acc+∞ SInv}
     0 | D        | Found the +10 dark maul {heavy}
     0 | D        | Found the +15 Maxwell's patent armour {-Cast -Tele rElec
                  | Will+ rCorr}
     0 | D        | Found the +18 shield of the Gong {Loud rN+ Will+ rCorr
                  | EV-5}
     0 | D        | Found the +16 obsidian axe {drain, demonic, Mesm Drain Fly
                  | SInv}
     0 | D        | Found the +7 great mace "Firestarter" {flame, immolate,
                  | rFlCloud rF++}
     0 | D        | Found the +6 shillelagh "Devastator" {shatter}
     0 | D        | Found the +11 plutonium sword {Contam Stlth-}
     0 | D        | Found the +8 lance "Wyrmbane" {slay drac, rPois rF+ rC+
                  | AC+3}
     0 | D        | Found the +9 sword of Zonguldrok {reap}
     0 | D        | Found the +13 scythe of Curses {drain, curses, Drain}
     0 | D        | Found the +9 sword of Power {lifebolt}
     0 | D        | Found the +7 mace of Variability {chaos, chaos arc}
     0 | D        | Found the +11 Singing Sword {sonic wave}
     0 | D        | Found the +8 storm bow {elec, penet}
     2 | D        | Found a transporter.
     2 | D        | Found an ancient bone altar of Kikubaaqudgha.
     2 | D        | Found a viscous altar of Jiyva.
     2 | D        | Found a corrupted altar of Lugonu.
     2 | D        | Found a hazy altar of Hepliaklqana.
     2 | D        | Found a burning altar of Makhleb.
     2 | D        | Found an opulent altar of Gozag.
     3 | D        | Banished a spatial maelstrom
    42 | D        | Became a worshipper of Qazlal Stormbringer
    42 | D        | Reached * piety under Qazlal
    42 | D        | Reached ** piety under Qazlal
   100 | D        | Entered arena 2.
   100 | D        | Found a transporter.
   106 | D        | Reached skill level 1 in Invocations
   112 | D        | Entered arena 3.
   112 | D        | Noticed an iron imp
   112 | D        | Noticed a dread lich
   112 | D        | Found a transporter.
   113 | D        | Paralysed by a dread lich for 2 turns
   114 | D        | Gained mutation: You have sharp fingernails. [demonic
                  | ancestry]
   114 | D        | Reached XP level 2. HP: 25/25 MP: 1/3
   115 | D        | Reached skill level 5 in Fighting
   115 | D        | Reached skill level 5 in Unarmed Combat
   115 | D        | Reached skill level 5 in Invocations
   115 | D        | Gained mutation: You are partially covered in large bone
                  | plates. (SH +4) [demonic ancestry]
   115 | D        | Reached XP level 3. HP: 34/34 MP: 1/7
   121 | D        | Noticed a Brimstone Fiend
   131 | D        | Noticed an Executioner
   133 | D        | Reached *** piety under Qazlal
   135 | D        | Noticed a green death
   135 | D        | Slain by an Executioner

Illustrated notes

Levels and vault maps discovered:
D:        sprint_v [room_start, room_1, room_2, room_3, room_4, room_5, room_6,
          room_7, room_8, room_9, room_10, room_11, room_12, room_13, room_14,
          room_15, room_16, room_17, room_18, room_19, room_20, room_21,
          room_22, room_23, room_24, room_25, room_26, room_27]

Skill      XL: |  1  2  3 |
---------------+----------+-----
Invocations    | 1 5 6 |  6.2
Dodging        | 3 |  3.5
Unarmed Combat | 3 5 |  5.5
Fighting       | 5 6 |  6.1
Armour         | 3 |  3.7
Shields        | |  0.2

Action                     || total
---------------------------++-------
  Melee: Unarmed           ||    14
 Invoke: Upheaval          ||     2
  Evoke: Wand              ||     1
    Use: Potion            ||     7
         Scroll            ||     2
 Armour: Gold dragon scale ||    18
  Dodge: Dodged            ||     2
  Block: Buckler           ||     7

Table legend: (Time is in decaauts)
 A = Elapsed time spent in this place.
 B = Non-inter-level travel time spent in this place.
 C = Inter-level travel time spent in this place.
 D = Time resting spent in this place.
 E = Time spent auto-exploring this place.
 F = Levels seen in this place.
 G = Mean time per level.
                   A        B        C        D        E       F      G
               +--------+--------+--------+--------+--------+-----+--------+
         Total |    128 |    128 |      0 |      0 |      0 |   1 |  128.0 |
       Dungeon |    128 |    128 |      0 |      0 |      0 |   1 |  128.0 |
               +--------+--------+--------+--------+--------+-----+--------+

Top non-repeatable levels by time:
       D: 128 daAuts
